Map: Ruines de Seras

Players

Snake

  • Race: Protoss Protoss
  • League: Silver

Bru - Winner!

  • Race: Terran Terran
  • League: Silver

VOD

Have the link to the VOD?

Description

Time

  • Played on: July 25, 2015, 10:50 a.m.
  • Length: 16:32
Show
View Real Time Build Order
Export as new Build Order

Snake Protoss 

Build Orders: 1 Gate Expand 

Get SALT Encoding   

  12  0:12  Pylon  
  12  0:15  Probe  
  13  0:27  Probe (Chrono Boost)  
  14  0:32  Gateway  
  14  0:40  Probe (Chrono Boost)  
  15  0:47  Probe (Chrono Boost)  
  16  0:55  Assimilator  
  16  0:57  Probe  
  17  1:09  Probe (Chrono Boost)  
  19  1:20  Probe (Chrono Boost)  
  19  1:21  Cybernetics Core  
  19  1:26  Probe (Chrono Boost)  
  20  1:40  Probe  
  20  1:42  Nexus  
  21  1:51  Pylon  
  21  1:52  Probe  
  22  1:57  Assimilator  
  22  2:09  Mothership Core (Chrono Boost)  
  24  2:21  Warp Gate (Chrono Boost)  
  24  2:28  Probe (Chrono Boost)  
  25  2:30  Gateway  
  25  2:32  Adept (Chrono Boost)  
  25  2:36  Probe  
  28  2:43  Pylon  
  28  2:57  Robotics Facility  
  28  3:03  Gateway  
  28  3:29  Stalker x2 (Chrono Boost)  
  32  3:36  Probe  
  32  3:37  Twilight Council  
  33  3:55  Probe (Chrono Boost)  
  34  3:59  Observer (Chrono Boost)  
  34  4:00  Probe (Chrono Boost)  
  35  4:05  Probe (Chrono Boost)  
  35  4:09  Probe (Chrono Boost)  
  37  4:12  Probe  
  37  4:14  Observer (Chrono Boost)  
  37  4:16  Blink (Chrono Boost)  
  39  4:19  Probe  
  40  4:24  Probe, Pylon  
  40  4:27  Stalker  
  43  4:31  Probe  
  43  4:35  Stalker  
  43  4:36  Probe  
  47  4:48  Assimilator  
  47  4:49  Probe x2  
  49  4:53  Assimilator  
  49  4:57  Immortal (Chrono Boost)  
  53  5:01  Probe  
  53  5:04  Probe, Pylon  
  55  5:13  Probe  
  56  5:14  Stalker  
  56  5:15  Stalker  
  60  5:22  Pylon  
  60  5:38  Probe  
  60  5:39  Probe  
  62  5:43  Pylon  
  62  5:45  Forge  
  62  5:51  Probe x2  
  64  6:03  Probe x2  
  66  6:04  Templar Archives  
  66  6:07  Gateway  
  66  6:08  Gateway  
  66  6:11  Gateway  
  66  6:12  Forge  
  66  6:26  Protoss Ground Armor Level 1 (Chrono Boost)  
  66  6:32  Nexus  
  66  6:36  Psionic Storm  
  66  6:37  Photon Cannon  
  66  6:42  Protoss Ground Weapons Level 1 (Chrono Boost), Pylon  
  66  6:44  Observer  
  67  6:55  High Templar x2  
  71  7:04  Photon Cannon  
  71  7:07  Assimilator  
  71  7:09  Assimilator  
  71  7:12  Pylon  
  71  7:18  Observer (Chrono Boost)  
  72  7:35  Zealot x3  
  72  7:36  Zealot x3  
  84  7:39  Charge (Chrono Boost)  
  84  7:50  Robotics Bay  
  84  7:55  Pylon  
  84  8:15  Gateway  
  84  8:17  Gateway  
  84  8:18  Gateway  
  84  8:19  High Templar x2  
  88  8:23  Archon  
  88  8:24  Pylon  
  88  8:35  Stalker x3  
  88  8:36  Stalker  
  88  8:40  Probe x3  
  99  8:52  Probe x2  
  97  8:58  High Templar  
  97  8:59  Stalker  
  97  9:00  Stalker  
  97  9:01  Protoss Ground Armor Level 2  
  99  9:46  Pylon  
  99  9:47  Pylon  
  99  9:49  Pylon x2  
  99  9:53  Pylon  
  99  9:56  Pylon  
  99  9:59  Stargate  
  99  10:04  Probe x3  
  99  10:05  Stargate  
  96  10:10  Stalker  
  97  10:16  Probe (Chrono Boost)  
  97  10:18  Probe x2 (Chrono Boost)  
  101  10:28  Probe (Chrono Boost)  
  101  10:33  Probe x2 (Chrono Boost)  
  103  10:36  Probe (Chrono Boost)  
  103  10:39  High Templar x3  
  103  10:40  Probe x2  
  103  10:42  Observer (Chrono Boost)  
  112  10:45  Probe  
  113  10:52  Probe x2  
  113  10:57  Probe, Observer (Chrono Boost), Archon  
  116  10:59  High Templar  
  116  11:00  High Templar  
  116  11:01  Stalker  
  123  11:04  Probe x2, Archon  
  123  11:09  Probe  
  123  11:11  Phoenix  
  128  11:16  Pylon  
  127  11:36  Phoenix (Chrono Boost)  
  131  11:51  Phoenix (Chrono Boost)  
  131  11:58  Phoenix (Chrono Boost)  
  131  11:59  Pylon  
  131  12:01  Pylon  
  125  12:03  Pylon  
  125  12:05  Pylon  
  125  12:07  High Templar  
  124  12:09  Phoenix  
  125  12:18  Phoenix  
  125  12:35  Oracle (Chrono Boost)  
  114  13:19  Pylon  
  114  13:20  Pylon  
  114  13:21  High Templar x4  
  114  13:24  Pylon  
  122  13:27  Pylon  
  122  13:31  Probe (Chrono Boost)  
  122  13:32  Probe x2 (Chrono Boost), Pylon  
  125  13:35  Pylon  
  125  13:37  Pylon  
  128  13:42  Probe x3 (Chrono Boost)  
  128  13:49  Zealot  
  130  13:57  Gateway x2  
  130  14:00  Gateway  
  130  14:02  Gateway  
  130  14:06  Gateway, Warp Prism (Chrono Boost)  
  130  14:07  Gateway  
  132  14:10  Gateway, Zealot x6  
  132  14:16  Protoss Ground Weapons Level 2 (Chrono Boost)  
  135  14:35  Observer  
  101  14:57  Observer  
  88  15:18  Observer  
  73  15:40  Nexus  
  73  15:44  Pylon  
  73  15:47  Pylon  
  73  15:49  Pylon  
  73  15:51  Assimilator  
  73  15:55  Probe (Chrono Boost)  
  75  16:01  Probe (Chrono Boost)  
  76  16:05  Probe (Chrono Boost)  
  76  16:09  Probe (Chrono Boost)  
Show
View Real Time Build Order
Export as new Build Order

Bru Terran - Winner!

Build Orders: Reaper Expand, MMM Bio 

Get SALT Encoding   

  12  0:01  SCV  
  13  0:14  Supply Depot  
  13  0:18  SCV  
  14  0:27  Refinery  
  14  0:33  SCV  
  15  0:42  Barracks  
  15  0:47  SCV  
  16  0:59  SCV  
  18  1:11  SCV  
  18  1:30  Reaper  
  18  1:31  Orbital Command  
  19  1:49  Command Center  
  19  2:22  Barracks x2  
  19  2:25  SCV  
  19  2:29  Factory  
  20  2:33  Supply Depot  
  19  2:52  SCV  
  19  2:56  Refinery  
  20  2:59  Barracks Tech Lab  
  20  3:04  Orbital Command  
  20  3:07  SCV  
  21  3:21  Engineering Bay, Marine x3  
  24  3:32  Supply Depot  
  24  3:35  SCV x2  
  26  3:41  Concussive Shells  
  26  3:43  Marine x2, Marauder  
  30  3:59  Widow Mine  
  32  4:03  Marine x2  
  32  4:04  Marauder  
  32  4:08  SCV  
  32  4:09  SCV  
  38  4:12  Starport  
  38  4:20  SCV  
  38  4:21  SCV  
  40  4:25  Supply Depot, Stimpack, Marauder  
  42  4:33  SCV  
  43  4:39  Supply Depot  
  43  4:45  Barracks Tech Lab  
  43  4:46  Barracks Reactor  
  43  4:48  Factory Reactor  
  43  4:50  Starport Reactor  
  43  4:51  SCV x2  
  46  5:00  Marauder  
  46  5:03  SCV x2  
  49  5:18  Refinery  
  49  5:20  SCV x2  
  51  5:21  Missile Turret  
  51  5:22  Refinery  
  51  5:24  Supply Depot  
  51  5:32  Command Center, SCV x2  
  53  5:37  Medivac x2  
  57  5:44  SCV x2  
  57  5:48  Marine, Marauder x2  
  64  5:56  SCV x2  
  66  6:08  SCV  
  66  6:09  SCV  
  68  6:29  Medivac x2  
  72  6:38  SCV x2  
  74  6:42  Supply Depot  
  74  6:43  Supply Depot  
  74  6:45  Barracks  
  74  6:46  Barracks  
  74  6:47  Terran Infantry Weapons Level 1  
  74  6:48  Armory  
  74  6:49  Barracks  
  74  6:50  SCV, Barracks  
  74  6:51  Orbital Command  
  75  6:57  Marine x2  
  75  6:59  Marauder x2  
  81  7:08  Medivac x2  
  85  7:12  SCV  
  85  7:13  SCV, Orbital Command  
  87  7:19  Widow Mine  
  87  7:20  Widow Mine  
  91  7:24  SCV  
  91  7:25  SCV  
  91  7:28  Combat Shields, Engineering Bay  
  93  7:33  Barracks Reactor  
  93  7:37  Barracks Tech Lab  
  93  7:43  SCV x3  
  96  7:53  Supply Depot  
  96  7:55  Supply Depot, SCV x3  
  96  7:58  Supply Depot, Medivac  
  101  8:00  Barracks Tech Lab x2  
  101  8:01  Marine x2  
  101  8:02  Marauder x2  
  101  8:03  Marauder  
  109  8:14  Widow Mine x2  
  109  8:17  Marine  
  109  8:18  Marine x2  
  109  8:19  Marine, Marauder  
  119  8:23  Supply Depot  
  119  8:24  Supply Depot, SCV x2, Marauder  
  119  8:26  Supply Depot  
  123  8:29  Refinery  
  123  8:31  Refinery  
  123  8:38  Marine x2, Medivac  
  123  8:39  Marine x2  
  123  8:40  Marine  
  123  8:41  Marauder  
  132  8:44  Widow Mine x2  
  132  8:45  Marauder x2  
  140  8:57  Starport  
  128  9:18  Marine x4  
  128  9:19  Marauder x2  
  128  9:20  Marauder x3  
  136  9:35  Medivac x2  
  136  9:37  Starport Tech Lab  
  140  9:41  Marauder x2  
  140  9:44  SCV x2  
  146  9:49  SCV  
  147  9:56  SCV x2  
  147  9:59  Command Center  
  149  10:01  SCV  
  149  10:03  Marine x4  
  149  10:04  Medivac  
  156  10:08  SCV  
  157  10:17  Marauder  
  157  10:19  Marauder x2  
  157  10:22  Marauder  
  157  10:26  Medivac  
  157  10:33  Medivac  
  157  10:36  Terran Infantry Weapons Level 2  
  157  10:37  Terran Infantry Armor Level 1  
  157  10:53  Supply Depot  
  157  10:54  Supply Depot  
  157  10:56  Supply Depot  
  157  11:03  Missile Turret  
  160  11:11  SCV x3  
  160  11:21  Missile Turret  
  160  11:22  Planetary Fortress  
  160  11:27  Refinery  
  160  11:29  Missile Turret  
  160  11:35  Missile Turret  
  160  11:38  Missile Turret  
  160  11:47  Marine  
  160  11:48  Marine x3  
  160  11:49  Marauder x5  
  174  11:59  Missile Turret  
  174  12:00  Unknown  
  174  12:05  Marine x2  
  174  12:06  Marine  
  177  12:10  Marauder x2  
  181  12:24  Marine x2  
  181  12:25  Marauder, Marine x2  
  181  12:26  Marauder x2  
  181  12:27  Medivac x2  
  195  12:32  Medivac  
  179  12:47  Marine x5  
  182  12:57  Medivac x2  
  182  13:02  Medivac  
  175  13:10  Marine x4  
  175  13:12  Marauder x4  
  180  13:14  Terran Infantry Weapons Level 3, Terran Infantry Armor Level 2  
  180  13:27  Medivac  
  182  13:34  Command Center  
  182  13:35  Marine x4  
  182  13:36  Marauder x5  
  182  13:37  Refinery  
  196  13:59  Supply Depot  
  196  14:11  Terran Vehicle And Ship Armor Level 1  
  196  14:21  Medivac x2  
  158  15:14  Marine x4  
  158  15:15  Marauder x2  
  158  15:16  Marauder x3  
  166  15:32  Marine x3  
  169  15:37  Medivac x3, Marauder x2  
  169  15:38  Marine  
  169  15:39  Marine x3  
  181  15:57  Marauder x3  
  181  15:58  Marauder  
  187  16:04  Marine x4  
  187  16:05  Marauder  
  187  16:11  Missile Turret  
  195  16:12  Missile Turret  
  195  16:14  Refinery  
  195  16:16  Refinery  
Tags
 
Add a new tag
Caveats
  • Supply blocks, unpowered buildings, or Contaminate may cause inaccurate times.
  • Supply counts are checked every 10 seconds.